 Dungeon Crawl Stone Soup version 0.20.1-1-g8b1a95d (webtiles) character file.

5749 HaraKiri the Nimble (level 10, -9/123 HPs)
             Began as a Demonspawn Berserker on Dec 10, 2017.
             Was a High Priest of Trog.
             Mangled by a warg (13 damage)
             ... on level 1 of the Orcish Mines.
             The game lasted 00:39:42 (6886 turns).

HaraKiri the Nimble (Demonspawn Berserker)          Turns: 6886, Time: 00:39:44

Health: -9/123     AC:  8    Str: 26    XL:     10   Next: 49%
Magic:  0/10       EV: 19    Int:  8    God:    Trog [*****.]
Gold:   238        SH:  0    Dex: 16    Spells: 9/9 levels left

rFire    . . .     SeeInvis .   q - +0 hand axe (flame)
rCold    . . .     Gourm    .   (no shield)
rNeg     . . .     Faith    .   b - +0 animal skin
rPois    .         Spirit   +   (helmet restricted)
rElec    +         Reflect  .   L - +0 cloak
rCorr    .         Harm     .   Y - +0 pair of gloves
MR       +....                  G - +0 pair of boots
Stlth    ..........             w - amulet "Wihampit" {Spirit rElec MR+ Dex+3}
Regen    0.3/turn               (no ring)
MPRegen  0.2/turn               (no ring)

@: berserking, very quick
A: horns 1, thin metallic scales 2, demonic guardian 1, spiny 1
a: Berserk, Trog's Hand, Brothers in Arms, Burn Spellbooks, Renounce Religion


You were on level 1 of the Orcish Mines.
You worshipped Trog.
Trog was extremely pleased with you.
You were hungry.

You visited 3 branches of the dungeon, and saw 11 of its levels.

You collected 409 gold pieces.
You spent 171 gold pieces at shops.

Inventory:

Hand Weapons
 a - a +0 hand axe
 q - a +0 hand axe of flaming (weapon)
 v - a +0 hand crossbow
 D - a +1 flail of protection
 F - a +0 whip of freezing
 U - a cursed +3 great sword
 V - a +5 morningstar of freezing
 W - a +4 hand axe
Missiles
 c - 5 needles of paralysis
 A - 87 bolts
 J - 94 stones (quivered)
Armour
 b - a +0 animal skin (worn)
 e - a +0 ring mail
 E - a +2 scale mail of magic resistance
 G - a +0 pair of boots (worn)
 L - a +0 cloak (worn)
 Y - a +0 pair of gloves (worn)
Jewellery
 p - a -3 ring of intelligence
 s - an uncursed ring of fire
 w - the amulet "Wihampit" (around neck) {Spirit rElec MR+ Dex+3}
   (You found it on level 4 of the Dungeon)

   [amulet of guardian spirit]

   It causes incoming damage to be split between your health and magic.
   It affects your dexterity (+3).
   It insulates you from electricity.
   It affects your resistance to hostile enchantments.
 I - an uncursed amulet of regeneration {unknown}
 X - a cursed amulet of inaccuracy {unknown}
Wands
 t - a wand of confusion (45/48)
 B - a wand of clouds (6/9)
 N - a wand of flame (36/48)
 S - a wand of enslavement (8/24)
Scrolls
 f - 5 scrolls of teleportation
 g - 5 scrolls of identify
 i - 2 scrolls of recharging
 k - a scroll of immolation
 x - 2 scrolls of amnesia {unknown}
 y - a scroll of enchant armour {unknown}
 H - a scroll of noise {unknown}
 K - a scroll of magic mapping {unknown}
 O - a scroll of blinking {unknown}
 P - 2 scrolls of random uselessness {unknown}
 R - a scroll of vulnerability {unknown}
 T - a scroll of fog {unknown}
Potions
 h - 2 potions of degeneration {unknown}
 j - 2 potions of flight
 l - a potion of haste {unknown}
 n - a potion of resistance {unknown}
 u - a potion of might {unknown}
 z - 2 potions of brilliance {unknown}
 C - a potion of lignification {unknown}
 M - a potion of heal wounds {unknown}
 Q - 2 potions of ambrosia {unknown}
 Z - a potion of berserk rage {unknown}
Comestibles
 m - 4 fruits
 o - 3 meat rations
 r - 2 royal jellies


   Skills:
 + Level 8.6 Fighting
 + Level 8.7 Axes
 - Level 1.7 Armour
 * Level 9.7 Dodging


You had 9 spell levels left.
You didn't know any spells.

Dungeon Overview and Level Annotations

Branches:
Dungeon (9/15)             Temple (1/1) D:6             Orc (1/2) D:9
   Lair: D:8-11

Altars:
Ashenzari
Cheibriados
Dithmenos
Elyvilon
Fedhas
Gozag
Hepliaklqana
Kikubaaqudgha
Makhleb
Nemelex Xobeh
Okawaru
Qazlal
Ru
Sif Muna
Trog
Uskayaw
Vehumet
Xom
Yredelemnul
The Shining One

Shops:
D:6 *


Innate Abilities, Weirdness & Mutations

You have a pair of small horns on your head.
You are mostly covered in thin metallic scales. (AC +3)
A weak demonic guardian rushes to your aid.
You are partially covered in sharp spines.


Message History

The warg bites you but does no damage.
The orc wizard casts a spell.
The orc wizard seems to speed up.
The orc warrior throws a tomahawk of returning.
The tomahawk of returning hits you.
* * * LOW HITPOINT WARNING * * *
The weapon returns to the orc warrior!
You hit the warg. You burn the warg. Your headbutt misses the warg.
The warg is moderately wounded.
You slash the orc! You burn the orc.
You feel the power of Trog in you as your rage grows.
You kill the orc!
Trog accepts your kill.
You barely miss the orc. The orc warrior misses your quasit.
Your quasit bites the orc warrior but does no damage.
Your quasit misses the orc warrior.
Your quasit claws the orc warrior but does no damage.
The orc wizard gestures wildly while chanting.
The orc wizard blinks!
The warg bites you!
You die...

..... ....
.o.ยง. #...
......#..#
...o.T$..##
....oo#...
....o.o.o#
..o..5)o)#
...o.oh@#
.....$))#
..#....##
.......
......#
.##.## #. .


You could see a troll, a warg, 3 orc warriors, 3 orc priests, 5 orcs and a
friendly quasit.

Vanquished Creatures
  A two-headed ogre (D:6)
  Pikel (D:4)
  Psyche (D:8)
  The ghost of Kingsmith the Thaumaturge, a novice DEVM (D:6)
  A troll (Orc:1)
  A hippogriff (D:8)
  A hungry ghost (D:8)
  A warg (D:9)
  A water moccasin (D:4)
  4 orc warriors
  A hornet zombie (D:6)
  A slave (D:4)
  2 ice beasts
  2 sky beasts
  A necrophage (D:7)
  3 ogres
  A phantom (D:7)
  3 bullfrogs
  3 scorpions
  2 wights (D:8)
  2 killer bees (D:9)
  A howler monkey (Orc:1)
  4 crimson imps
  A hound (Orc:1)
  Crazy Yiuf (D:6)
  2 bullfrog skeletons
  A centaur zombie (D:5)
  9 orc priests
  A jelly (D:5)
  13 orc wizards
  Ijyb (D:4)
  An iguana (D:7)
  Natasha (thrice) (D:4 D:7)
  4 worker ants
  A hound skeleton (D:4)
  8 gnolls
  8 adders
  2 shadow imps (D:8)
  3 oozes
  2 adder skeletons
  3 worms
  3 leopard geckos
  45 orcs
  2 ball pythons
  7 bats
  4 giant cockroaches
  6 goblins
  4 hobgoblins
  5 jackals
  2 quokkas (D:4)
  3 frilled lizards
  5 kobolds (D:1)
  A leopard gecko skeleton (D:6)
  A quokka zombie (D:9)
  5 rats
  A fungus (D:6)
197 creatures vanquished.

Vanquished Creatures (collateral kills)
  A hornet (D:7)
  A centaur (D:8)
  2 wights (D:8)
  A crimson imp (D:6)
  An orc (Orc:1)
6 creatures vanquished.

Grand Total: 203 creatures vanquished

Notes
Turn   | Place    | Note
-------+----------+-------------------------------------------
     0 | D:1      | HaraKiri the Demonspawn Berserker began the quest for the Orb.
     0 | D:1      | Reached XP level 1. HP: 18/18 MP: 1/1
   222 | D:1      | Gained mutation: You have a pair of small horns on your head. [demonic ancestry]
   222 | D:1      | Reached XP level 2. HP: 21/24 MP: 2/2
   227 | D:1      | Found a snail-covered altar of Cheibriados.
   864 | D:2      | Reached XP level 3. HP: 29/29 MP: 3/3
  1171 | D:2      | Gained mutation: You are partially covered in sharp spines. [demonic ancestry]
  1171 | D:2      | Reached XP level 4. HP: 27/36 MP: 4/4
  1495 | D:2      | Reached ** piety under Trog
  1543 | D:2      | Found a faded altar of an unknown god.
  1697 | D:3      | Reached skill level 2 in Dodging
  1704 | D:3      | Gained mutation: You are partially covered in thin metallic scales. (AC +2) [demonic ancestry]
  1704 | D:3      | Reached XP level 5. HP: 42/42 MP: 5/5
  2095 | D:3      | You fall through a shaft!
  2117 | D:4      | Got a faintly glowing sapphire amulet
  2165 | D:4      | Noticed Natasha
  2174 | D:4      | Killed Natasha
  2174 | D:4      | Reached skill level 5 in Axes
  2236 | D:4      | Reached XP level 6. HP: 46/49 MP: 6/6
  2261 | D:4      | HP: 1/49 [orc wizard/dagger of speed (5)]
  2639 | D:4      | Noticed a water moccasin
  2646 | D:4      | Killed a water moccasin
  2646 | D:4      | Reached skill level 3 in Dodging
  2754 | D:4      | Reached XP level 7. HP: 55/55 MP: 7/7
  2761 | D:4      | Reached *** piety under Trog
  2761 | D:4      | Reached skill level 5 in Fighting
  3026 | D:4      | Noticed Ijyb
  3030 | D:4      | Reached skill level 4 in Dodging
  3037 | D:4      | Killed Ijyb
  3205 | D:4      | Noticed Pikel
  3214 | D:4      | Killed Pikel
  3214 | D:4      | Reached skill level 5 in Dodging
  3214 | D:4      | Gained mutation: A weak demonic guardian rushes to your aid. [demonic ancestry]
  3214 | D:4      | Reached XP level 8. HP: 64/64 MP: 8/8
  3350 | D:5      | Entered Level 5 of the Dungeon
  3908 | D:6      | Noticed Kingsmith's ghost (novice DEVM)
  3919 | D:6      | Killed Kingsmith's ghost
  3919 | D:6      | Reached skill level 6 in Dodging
  4125 | D:6      | Reached XP level 9. HP: 55/71 MP: 9/9
  4310 | D:6      | Found a staircase to the Ecumenical Temple.
  4347 | Temple   | Entered the Ecumenical Temple
  4635 | D:6      | Received a gift from Trog
  4645 | D:6      | Noticed a two-headed ogre
  4660 | D:6      | Killed a two-headed ogre
  4660 | D:6      | Reached skill level 7 in Dodging
  4675 | D:6      | Found Bisyuc's Assorted Antiques.
  4723 | D:6      | Bought a scroll labeled HITTOLA LITTASS for 30 gold pieces
  4723 | D:6      | Bought a smoky white potion for 27 gold pieces
  4723 | D:6      | Bought a scroll labeled RINELA ZORCHIOG for 30 gold pieces
  4723 | D:6      | Bought a scroll labeled TEOH JOHOIQI for 30 gold pieces
  4723 | D:6      | Bought 2 fizzy brown potions for 54 gold pieces
  4723 | D:6      | Identified the amulet "Wihampit" {Spirit rElec MR+ Dex+3} (You found it on level 4 of the Dungeon)
  5139 | D:6      | Found a runed door.
  5143 | D:6      | Noticed Crazy Yiuf
  5147 | D:6      | Killed Crazy Yiuf
  5404 | D:7      | Reached skill level 8 in Dodging
  5419 | D:7      | Noticed Natasha
  5424 | D:7      | Killed Natasha
  5576 | D:7      | Noticed Natasha
  5580 | D:7      | Killed Natasha
  5726 | D:7      | Reached **** piety under Trog
  6146 | D:8      | Noticed Psyche
  6152 | D:8      | Killed Psyche
  6152 | D:8      | Gained mutation: You are mostly covered in thin metallic scales. (AC +3) [demonic ancestry]
  6152 | D:8      | Reached XP level 10. HP: 78/78 MP: 10/10
  6183 | D:8      | Received a gift from Trog
  6229 | D:8      | Reached skill level 9 in Dodging
  6859 | D:9      | Found a staircase to the Orcish Mines.
  6864 | Orc:1    | Entered Level 1 of the Orcish Mines
  6885 | Orc:1    | Reached ***** piety under Trog
  6885 | Orc:1    | HP: 4/123 [orc warrior/tomahawk of returning[an orc high priest] (4)]
  6886 | Orc:1    | Mangled by a warg

Skill      XL: |  1  2  3  4  5  6  7  8  9 10 |
---------------+-------------------------------+-----
Axes           | 3 4 5 6 7 8 |  8.7
Dodging        | 2 3 5 6 8 9 |  9.7
Fighting       | 4 6 8 |  8.6
Armour         | |  1.7

Action                   |  1- 3 |  4- 6 |  7- 9 | 10-12 || total
-------------------------+-------+-------+-------+-------++-------
Melee: Hand axe          |    61 |    95 |   193 |    72 ||   421
       Headbutt          |     7 |    12 |    43 |    20 ||    82
Invok: Berserk           |     2 |     4 |    12 |     3 ||    21
       Trog's Hand       |       |     1 |       |       ||     1
Evoke: Wand              |       |       |     1 |       ||     1
  Use: Scroll            |       |     1 |     4 |     2 ||     7
       Potion            |       |       |     2 |     3 ||     5
 Stab: Sleeping          |     1 |     1 |       |       ||     2
       Distracted        |       |       |     3 |       ||     3
  Eat: Chunk             |     1 |     7 |    22 |       ||    30
       Fruit             |       |     2 |       |       ||     2
       Bread ration      |       |       |       |     1 ||     1
       Royal jelly       |       |       |       |     1 ||     1
Armor: Animal skin       |     5 |    12 |    21 |    10 ||    48
Dodge: Dodged            |    39 |    37 |    92 |    66 ||   234
